 Dungeon Crawl Stone Soup version 0.31-a0-851-g7ff8af7976 (webtiles) character file.

Game seed: 6340709903360540997

11600 lessens the Cleaver (level 11, -11/84 HPs)
             Began as a Demonspawn Fighter on Oct 6, 2023.
             Was a Priest of Trog.
             Mangled by an orc warlord
             ... wielding a +1 long sword of holy wrath
              (25 damage)
             ... on level 1 of the Orcish Mines on Oct 7, 2023.
             The game lasted 00:18:22 (12214 turns).

lessens the Cleaver (Demonspawn Fighter)           Turns: 12214, Time: 00:18:23

Health: -11/84     AC: 13    Str: 21      XL:     11   Next: 51%
Magic:  11/11      EV: 11    Int: 12 (15) God:    Trog [***...]
Gold:   591        SH:  9    Dex: 17      Spells: 10/10 levels left

rFire   . . .        F - +1 hand axe (vamp)
rCold   . . .        g - +0 kite shield
rNeg    . . .        b - +0 scale mail
rPois   .            (helmet restricted)
rElec   .            L - +0 cloak
rCorr   .            O - +1 pair of gloves
SInv    .            e - +2 pair of boots
Will    .....        (no amulet)
Stlth   ++           t - +6 ring of intelligence
HPRegen 0.34/turn    (no ring)
MPRegen 0.12/turn

%: no passive effects
@: hasted, very quick
A: antennae 2, thin skeletal structure 2, demonic guardian 1, spiny 1
a: Renounce Religion, Berserk, Trog's Hand


You were on level 1 of the Orcish Mines.
You worshipped Trog.
Trog was most pleased with you.
You visited 3 branches of the dungeon, and saw 13 of its levels.
You also visited: Sewer.

You collected 591 gold pieces.

Inventory:

Hand Weapons
 a - a +0 war axe
 F - a +1 vampiric hand axe (weapon)
 K - a +0 battleaxe
Missiles
 k - a curare-tipped dart
 p - 116 stones
 w - 24 poisoned darts
 x - 13 boomerangs
 I - 2 throwing nets
Armour
 b - a +0 scale mail (worn)
 c - a +0 buckler
 e - a +2 pair of boots (worn)
 g - a +0 kite shield (worn)
 L - a +0 cloak (worn)
 O - a +1 pair of gloves (worn)
Jewellery
 t - a +6 ring of intelligence (left hand)
 M - an amulet of magic regeneration
Wands
 y - a wand of mindburst (16)
 A - a wand of charming (16)
 C - a wand of flame (8)
 P - a wand of iceblast (8)
Scrolls
 h - a scroll of poison {unknown}
 i - 2 scrolls of amnesia
 j - 5 scrolls of teleportation
 l - a scroll of enchant weapon {unknown}
 o - 2 scrolls of revelation {unknown}
 q - 3 scrolls of fog
 r - a scroll of acquirement {unknown}
 u - a scroll of silence {unknown}
 v - 2 scrolls of immolation {unknown}
 B - a scroll of noise {unknown}
 G - a scroll of vulnerability {unknown}
 H - a scroll of brand weapon {unknown}
 J - a scroll of enchant armour {unknown}
 Q - a scroll of butterflies {unknown}
Potions
 d - 2 potions of might
 f - 6 potions of haste
 m - 2 potions of curing
 n - 2 potions of heal wounds
 s - 3 potions of lignification
 z - 3 potions of invisibility
 D - a potion of resistance {unknown}
 E - a potion of magic {unknown}
 N - 2 potions of attraction {unknown}
 R - a potion of berserk rage {unknown}


   Skills:
 - Level 7.3 Fighting
 * Level 14.8 Axes
 - Level 2.6 Armour
 + Level 5.1 Dodging
 - Level 2.6 Shields


You had 10 spell levels left.
You didn't know any spells.
Your spell library contained the following spells:

 Spells                   Type           Power      Damage    Failure   Level
 Blink                    Tloc           0%         N/A       98%         2
 Lesser Beckoning         Tloc           0%         N/A       98%         2
 Momentum Strike          Conj/Tloc      0%         3d8       98%         2
 Scorch                   Fire           0%         2d5       98%         2
 Ozocubu's Armour         Ice            0%         N/A       100%        3
 Tukima's Dance           Hex            0%         N/A       100%        3
 Flame Wave               Conj/Fire      0%         2d4       100%        4
 Passage of Golubria      Tloc           0%         N/A       100%        4
 Metabolic Englaciation   Hex/Ice        0%         N/A       100%        5
 Yara's Violent Unravell  Hex/Tmut       0%         3d3       100%        5
 Simulacrum               Ice/Necr       0%         N/A       100%        6
 Summon Cactus Giant      Summ           0%         N/A       100%        6


Dungeon Overview and Level Annotations

Branches:
Dungeon (11/15) Zot: 25350  Temple (1/1) D:5 Zot: 5985    Lair (0/5) D:9
    Orc (1/2) D:11 Zot: 5985   Sewer (visited)

Altars:
Ashenzari
Cheibriados
Dithmenos
Fedhas
Gozag
Hepliaklqana
Kikubaaqudgha
Makhleb
Okawaru
Qazlal
Ru
Sif Muna
Trog
Vehumet
Wu Jian
Xom
Yredelemnul

Annotations:
D:4 Duvessa, Sigmund
D:8 3 runed translucent doors


Innate Abilities, Weirdness & Mutations

You have a pair of antennae on your head.
You have a moderately thin skeletal structure. (Dex +4, Stealth++)
A weak demonic guardian rushes to your aid.
You are partially covered in sharp spines.


Message History

The orc warrior is lightly wounded.
The orc sorcerer mumbles some strange words.
The orc warrior throws a boomerang.
The boomerang barely misses you.
The orc warrior hits you with a +0 scimitar!
You hit the orc warrior but do no damage.
The orc warrior is lightly wounded.
You completely miss the orc.
You hit the orc warrior but do no damage.
The orc warrior is lightly wounded.
You hit the orc but do no damage.
The orc warrior hits you with a +0 scimitar!
The orc sorcerer gestures wildly while chanting.
You hit the orc warrior but do no damage.
The orc warrior is lightly wounded.
You hit the orc warrior but do no damage.
The orc warrior attacks as it pursues you!
The orc warrior closely misses you.
The orc sorcerer gestures wildly while chanting.
There is a stone staircase leading down here.
The neqoxec gestures at you.
Something tries to feed on your intellect!
There is a staircase back to the Dungeon here.
The orc sorcerer mumbles some strange words.
The warg howls!
The warg is struck by your spines. The warg bites you.
The orc priest looks encouraged for a moment.
You block the warg's attack. The neqoxec gestures at you.
You feel dopey. Something feeds on your intellect!
The orc priest calls down the wrath of Beogh upon you.
Beogh smites you!
A demonic guardian appears!
The warg barely misses you.
The orc warrior hits your ice devil with a +0 mace of holy wrath!!
Your ice devil convulses.
The orc completely misses your ice devil.
You block the orc warrior's attack.
The orc warlord hits you with a +1 long sword of holy wrath!!
* * * LOW HITPOINT WARNING * * *
You convulse!!
You die...

#.##.. ......
....$...#.....# #
........##....# .#
..............#...
.....#............
.........o4......#
#......44oo3.....#
#......oooo)....##
...h...@ho.o.....#
....#...o....3...#
...#.....#......##
.........#.......
..............#...
.................$
..........#.$...
#......#.###.#.#


You could see an orc warlord, a hellwing (summoned), a neqoxec (summoned), a
ynoxinul (summoned), 2 wargs, 2 orc sorcerers, a red devil (summoned), 2 orc
warriors, an orc priest (strong), 4 orcs and a friendly ice devil (summoned).

Vanquished Creatures
  A boulder beetle (D:11)
  A two-headed ogre (D:11)
  A gargoyle (D:10)
  Jeremiah (D:8)
  4 komodo dragons
  A troll (D:11)
  2 hornets
  3 wyverns (D:9)
  A vampire (D:9)
  A wraith (D:11)
  A shadow (D:10)
  Grum (D:11)
  17 yaks
  2 steam dragons
  3 sky beasts
  A black bear (D:7)
  3 ogres
  5 orc warriors
  4 ice beasts
  7 centaurs
  3 wolves (D:11)
  3 phantoms
  2 bullfrogs
  2 kobold brigands
  A gnoll sergeant (D:9)
  2 scorpions
  4 wights (D:8)
  A vampire bat (D:8)
  2 howler monkeys
  5 jellies
  3 gnoll boudas
  An orc priest (D:11)
  3 hounds
  Jessica (D:2)
  3 iguanas
  2 sleepcaps
  5 orc wizards
  9 adders
  17 gnolls
  A river rat (Sewer)
  A white imp (D:6)
  An ufetubus (D:5)
  2 worms (D:6)
  5 dart slugs
  38 orcs
  7 bats
  2 bat skeletons (D:8)
  3 bat zombies (D:8)
  15 endoplasms
  7 giant cockroaches
  7 goblins
  12 hobgoblins
  8 jackals
  3 quokkas
  3 ball pythons
  3 frilled lizards
  14 kobolds
  8 rats
269 creatures vanquished.

Vanquished Creatures (collateral kills)
  A yak (D:9)
  An orc warrior (D:11)
  A gnoll (D:7)
  An orc (D:7)
4 creatures vanquished.

Grand Total: 273 creatures vanquished

Notes
Turn   | Place    | Note
-------+----------+-------------------------------------------
     0 | D:1      | lessens the Demonspawn Fighter began the quest for the Orb.
     0 | D:1      | Reached XP level 1. HP: 18/18 MP: 1/1
    42 | D:1      | Reached skill level 2 in Axes
   145 | D:1      | Gained mutation: You have a somewhat thin skeletal
                  | structure. (Dex +2, Stealth+) [demonic ancestry]
   145 | D:1      | Reached XP level 2. HP: 23/24 MP: 2/2
   385 | D:1      | Reached skill level 3 in Axes
   685 | D:2      | Gained mutation: You have a moderately thin skeletal
                  | structure. (Dex +4, Stealth++) [demonic ancestry]
   685 | D:2      | Reached XP level 3. HP: 23/29 MP: 3/3
   725 | D:2      | Identified the +0 leather armour of the Jabberwock {-Tele
                  | Rampage rPois rN++}
  1047 | D:2      | Noticed Jessica
  1476 | D:2      | Killed Jessica
  1477 | D:2      | Reached skill level 4 in Axes
  1477 | D:2      | Reached XP level 4. HP: 35/35 MP: 4/4
  1753 | D:3      | Found a faded altar of an unknown god.
  2029 | D:3      | Identified the +4 mace of Sudden Death {elec, rC+ rN++}
  2189 | D:3      | Found a hazy altar of Hepliaklqana.
  2344 | D:4      | Noticed an ogre
  2353 | D:4      | Killed an ogre
  2354 | D:4      | Reached skill level 5 in Axes
  2354 | D:4      | Gained mutation: You are partially covered in sharp spines.
                  | [demonic ancestry]
  2354 | D:4      | Reached XP level 5. HP: 32/41 MP: 5/5
  2528 | D:4      | Noticed Duvessa
  2823 | D:4      | Gained mutation: You have a pair of small antennae on your
                  | head. [demonic ancestry]
  2823 | D:4      | Reached XP level 6. HP: 43/47 MP: 6/6
  2825 | D:4      | Reached skill level 6 in Axes
  3107 | D:4      | Noticed Sigmund
  3195 | D:5      | Entered Level 5 of the Dungeon
  3211 | D:5      | Noticed an ice beast
  3224 | D:5      | Killed an ice beast
  3225 | D:5      | Reached skill level 7 in Axes
  3225 | D:5      | Reached XP level 7. HP: 41/52 MP: 7/7
  3309 | D:5      | Found a staircase to the Ecumenical Temple.
  3317 | Temple   | Entered the Ecumenical Temple
  3324 | Temple   | Became a worshipper of Trog the Wrathful
  3643 | D:5      | Found an iron altar of Okawaru.
  3985 | D:5      | Reached skill level 8 in Axes
  4257 | D:6      | Found a glowing drain.
  4279 | Sewer    | Entered a sewer
  4378 | Sewer    | Reached * piety under Trog
  4422 | Sewer    | Found a viscous altar of Jiyva.
  4765 | D:6      | Gained mutation: A weak demonic guardian rushes to your
                  | aid. [demonic ancestry]
  4765 | D:6      | Reached XP level 8. HP: 48/58 MP: 8/8
  4815 | D:6      | Found a snail-covered altar of Cheibriados.
  4827 | D:6      | Reached skill level 9 in Axes
  5480 | D:7      | Reached skill level 10 in Axes
  5713 | D:7      | Found a broken altar of Ashenzari.
  6024 | D:7      | Found a shimmering blue altar of Sif Muna.
  6046 | D:7      | Gained mutation: You have a pair of antennae on your head.
                  | [demonic ancestry]
  6046 | D:7      | Reached XP level 9. HP: 55/65 MP: 9/9
  6194 | D:7      | Reached skill level 11 in Axes
  6882 | D:8      | Reached skill level 5 in Fighting
  7033 | D:8      | Found a runed translucent gate.
  7033 | D:8      | Found a runed translucent gate.
  7033 | D:8      | Found a runed translucent gate.
  7035 | D:8      | Noticed a brown ugly thing
  7035 | D:8      | Noticed a glowing orange brain
  7036 | D:8      | Noticed a purple ugly thing
  7036 | D:8      | Noticed a red ugly thing
  7073 | D:8      | Found an ancient bone altar of Kikubaaqudgha.
  7080 | D:8      | Reached ** piety under Trog
  7191 | D:8      | Found a basalt altar of Yredelemnul.
  7232 | D:8      | Noticed Jeremiah
  7279 | D:8      | Killed Jeremiah
  7499 | D:8      | You fall into a shaft and drop 2 floors!
  7499 | D:10     | Entered Level 10 of the Dungeon
  7565 | D:10     | Noticed a komodo dragon
  7635 | D:10     | Killed a komodo dragon
  7636 | D:10     | Reached skill level 12 in Axes
  7666 | D:10     | Noticed a gargoyle
  7683 | D:10     | Killed a gargoyle
  7684 | D:10     | Reached XP level 10. HP: 20/77 MP: 10/10
  8685 | D:9      | Reached skill level 13 in Axes
  9002 | D:9      | Reached skill level 1 in Dodging
  9328 | D:9      | Found a staircase to the Lair.
 10008 | D:10     | Reached XP level 11. HP: 59/84 MP: 11/11
 10586 | D:11     | Reached skill level 14 in Axes
 10665 | D:11     | Noticed a two-headed ogre
 10672 | D:11     | Killed a two-headed ogre
 10759 | D:11     | Noticed a boulder beetle
 10769 | D:11     | Noticed Grum
 10785 | D:11     | Killed Grum
 10818 | D:11     | Killed a boulder beetle
 11538 | D:11     | Reached skill level 5 in Dodging
 11814 | D:11     | Reached *** piety under Trog
 12041 | D:11     | Found a staircase to the Orcish Mines.
 12192 | Orc:1    | Entered Level 1 of the Orcish Mines
 12193 | Orc:1    | Noticed an orc warlord
 12197 | Orc:1    | Noticed an orc sorcerer
 12198 | Orc:1    | Noticed an orc sorcerer
 12214 | Orc:1    | Mangled by an orc warlord

Illustrated notes

Levels and vault maps discovered:
D:1:      dpeg_arrival_round_b, layout_loops_ring
D:2:      layout_basic, solitary_fountain, uniq_jessica
D:3:      layout_rooms, nicolae_hepliaklqana_hippocampus,
          chequers_ecumenical_altar_simple_redux, minmay_increasing_density
D:4:      layout_basic, mainiacjoe_overflow_big_doors, minmay_splitting_lines,
          uniq_duvessa, uniq_sigmund
D:5:      layout_basic, okawaru_altar_gauntlet_db, minmay_temple_entry_trees
D:6:      layout_cave_pools, kennysheep_slug_shrine,
          cheibrodos_sewer_entry_sluice
D:7:      layout_loops_cross, lemuel_tele_altar, ashenzari_conservatory_becter,
          grunt_ministairs_13, minmay_misc_feat_cross
D:8:      layout_rooms, mainiacjoe_overflow_alcove_4, kennysheep_vampire_church,
          nicolae_overflow_crystal_walls,
          ploomutoo_gammafunk_ghost_potion_laboratory, uniq_jeremiah
D:9:      layout_small_grid, erik_lair_dragon, minmay_door_square
D:10:     layout_irregular_city
D:11:     layout_basic, david_orc_4, uniq_grum
Temple:   nicolae_temple_ecumenical_triangle
Orc:1:    layout_caves, serial_shops, shop, basic_altar, uniq_urug,
          uniq_nergalle

Skill      XL: |  1  2  3  4  5  6  7  8  9 10 11 |
---------------+----------------------------------+-----
Axes           | 2 3 4 5 7 8 10 12 13 14 | 14.8
Fighting       | 4 6 7 |  7.3
Dodging        | 3 5 |  5.1
Armour         | |  2.6
Shields        | |  2.6

Action                     |  1- 3 |  4- 6 |  7- 9 | 10-12 || total
---------------------------+-------+-------+-------+-------++-------
  Melee: War axe           |    82 |   136 |   102 |       ||   320
         Hand axe          |       |       |   217 |   419 ||   636
 Invoke: Berserk           |       |       |     7 |     6 ||    13
  Evoke: Wand              |       |       |     3 |       ||     3
    Use: Potion            |     1 |     1 |     1 |     2 ||     5
         Scroll            |     1 |       |       |     7 ||     8
   Stab: Sleeping          |     2 |     7 |     5 |     2 ||    16
         Distracted        |       |       |     1 |       ||     1
 Armour: Scale mail        |    51 |    98 |   206 |   244 ||   599
  Dodge: Dodged            |    43 |    83 |   100 |   101 ||   327
  Block: Buckler           |    26 |    46 |    56 |     9 ||   137
         Kite shield       |       |       |       |   100 ||   100

Table legend: (Time is in decaauts)
 A = Elapsed time spent in this place.
 B = Non-inter-level travel time spent in this place.
 C = Inter-level travel time spent in this place.
 D = Time resting spent in this place.
 E = Time spent auto-exploring this place.
 F = Levels seen in this place.
 G = Mean time per level.
                   A        B        C        D        E       F      G
               +--------+--------+--------+--------+--------+-----+--------+
         Total |  12307 |  11872 |    435 |   1484 |   8026 |  14 |  879.1 |
       Dungeon |  11849 |  11415 |    434 |   1335 |   7904 |  11 | 1077.2 |
        Temple |     14 |     14 |      0 |      0 |      0 |   1 |   14.0 |
  Orcish Mines |     13 |     13 |      0 |      0 |      0 |   1 |   13.0 |
         Sewer |    429 |    429 |      0 |    149 |    121 |   1 |  429.0 |
               +--------+--------+--------+--------+--------+-----+--------+

Top non-repeatable levels by time:
    D:11: 1649 daAuts
     D:9: 1457 daAuts
    D:10: 1387 daAuts
     D:7: 1210 daAuts
     D:5: 1198 daAuts
     D:8: 1016 daAuts
     D:2: 904 daAuts
     D:4: 854 daAuts
     D:1: 748 daAuts
     D:3: 736 daAuts
     D:6: 685 daAuts
   Sewer: 429 daAuts
  Temple: 14 daAuts
   Orc:1: 13 daAuts

Levels and vault maps discovered:
D:1:      dpeg_arrival_round_b, layout_loops_ring
D:2:      layout_basic, solitary_fountain, uniq_jessica
D:3:      layout_rooms, nicolae_hepliaklqana_hippocampus,
          chequers_ecumenical_altar_simple_redux, minmay_increasing_density
D:4:      layout_basic, mainiacjoe_overflow_big_doors, minmay_splitting_lines,
          uniq_duvessa, uniq_sigmund
D:5:      layout_basic, okawaru_altar_gauntlet_db, minmay_temple_entry_trees
D:6:      layout_cave_pools, kennysheep_slug_shrine,
          cheibrodos_sewer_entry_sluice
D:7:      layout_loops_cross, lemuel_tele_altar, ashenzari_conservatory_becter,
          grunt_ministairs_13, minmay_misc_feat_cross
D:8:      layout_rooms, mainiacjoe_overflow_alcove_4, kennysheep_vampire_church,
          nicolae_overflow_crystal_walls,
          ploomutoo_gammafunk_ghost_potion_laboratory, uniq_jeremiah
D:9:      layout_small_grid, erik_lair_dragon, minmay_door_square
D:10:     layout_irregular_city
D:11:     layout_basic, david_orc_4, uniq_grum
Temple:   nicolae_temple_ecumenical_triangle
Orc:1:    layout_caves, serial_shops, shop, basic_altar, uniq_urug,
          uniq_nergalle
